 Dungeon Crawl Stone Soup version 0.15-a0-773-g3a4c672 (webtiles) character file.

76 KaKa the Ruinous (level 4, 0/27 HPs)
             Began as an Octopode Conjurer on May 13, 2014.
             Slain by an adder (3 damage)
             ... on Level 2 of the Dungeon.
             The game lasted 00:08:32 (2077 turns).

KaKa the Ruinous (Octopode Conjurer)                Turns: 2077, Time: 00:08:32

HP   0/27        AC  1     Str 12      XL: 4   Next: 32%
MP   1/7         EV 12     Int 18      God:
Gold 61          SH  0     Dex 12      Spells:  2 memorised,  4 levels left

rFire  . . .     SeeInvis .     i - +0 whip
rCold  . . .     Clarity  .     (no shield)
rNeg   . . .     Conserve .     (helmet restricted)
rPois  .         rCorr    .     (no amulet)
rElec  .         rRot     .     h - ring of sustain abilities
SustAb + .       Spirit   .     (no ring)
rMut   .         Warding  .     (no ring)
Gourm  .         Stasis   .     (no ring)
MR     .....                    (no ring)
                                (no ring)
                                (no ring)
                                (no ring)

@: mighty, lethally poisoned, not resistant to hostile enchantments, fairly
stealthy
A: almost no armour, amphibious, 8 rings, constrict 8, camouflage 1, gelatinous
body 1
a: no special abilities


You were on level 2 of the Dungeon.
You were not hungry.

You visited 1 branch of the dungeon, and saw 3 of its levels.

You collected 61 gold pieces.

Inventory:

Hand weapons
 i - a +0,+0 whip (weapon)
Comestibles
 b - 2 bread rations
 j - an apple
Scrolls
 g - a scroll of enchant weapon II {unknown}
 k - a scroll of magic mapping {unknown}
 l - a scroll of random uselessness {unknown}
Jewellery
 h - a ring of sustain abilities (left tentacle)
Potions
 d - a potion of might
 p - a potion of degeneration {unknown}
Books
 c - a book of Conjurations

   Spells                             Type                      Level
   *Magic Dart                        Conjuration                  1
   *Searing Ray                       Conjuration                  2
   Dazzling Spray                     Conjuration/Hexes            3
   Fulminant Prism                    Conjuration/Hexes            4
   Iskenderun's Mystic Blast          Conjuration                  4
   Iskenderun's Battlesphere          Conjuration/Charms           5


   Skills:
 - Level 2.0 Dodging
 - Level 2.6 Stealth
 - Level 2.0 Spellcasting
 + Level 5.7 Conjurations


You had 4 spell levels left.
You knew the following spells:

 Your Spells              Type           Power        Failure   Level  Hunger
a - Magic Dart            Conj           ###.         1%          1    #......
b - Searing Ray           Conj           ###...       2%          2    ##.....


Dungeon Overview and Level Annotations

Branches:
Dungeon (3/15)

Altars:

Annotations:
D:3 Natasha


Innate Abilities, Weirdness & Mutations

You cannot wear most types of armour.
You are amphibious.
You can wear up to eight rings at the same time.
You can use your tentacles to constrict many enemies at once.
Your skin changes colour to match your surroundings (Stealth).
Your rubbery body absorbs attacks (AC +1).


Message History

You feel very mighty all of a sudden.
It was a potion of might.
The adder bites you.
* * * LOW HITPOINT WARNING * * *
Natasha comes into view.
Drink which item? (? for menu, Esc to quit)
You feel better.
It was a potion of curing.
The adder bites you but does no damage. The adder closely misses you.
There is a stone staircase leading up here.
The adder bites you.
* * * LOW HITPOINT WARNING * * *
You are poisoned.
The adder poisons you!
Natasha casts a spell.
You climb upwards.
You feel sick.
There is a stone staircase leading down here.
Drink which item? (? for menu, Esc to quit)
You feel refreshed.
It was a potion of restore abilities.
The adder bites you.
* * * LOW HITPOINT WARNING * * *
The adder bites you.
You die...

#.# #.##.#.# ##.....# # #.#
#.##.#.###......# # #.#
#%##............# # #.#
#.##............# # #.#
#.##....##..##### # #<#
#%##.#..##..# #.#
#.#.........# #.#
#.#..##S##..#
##.######......@.#<>#
#............##..#..##########
##.#.####....##.#)...........#
###.# #.##.#.###>.....####.###
#.# #.##.##.#...#...# #....
#.# #.#.........##.#########
#.# #.#.###..............# #.#
#.#.# #..#.###.#####.# #.#
#.#.###..#.###.#####.#


You could see an adder.

Vanquished Creatures
  Jessica (D:2)
  3 adders
  6 bats
  A giant cockroach (D:1)
  4 hobgoblins
  5 jackals
  2 quokkas
  A giant gecko (D:2)
  A giant newt (D:2)
  3 goblins
  5 rats
32 creatures vanquished.

Notes
Turn   | Place    | Note
--------------------------------------------------------------
     0 | D:1      | KaKa, the Octopode Conjurer, began the quest for the Orb.
     0 | D:1      | Reached XP level 1. HP: 11/11 MP: 3/3
   664 | D:1      | Reached XP level 2. HP: 17/17 MP: 1/4
   700 | D:1      | Learned a level 2 spell: Searing Ray
  1242 | D:2      | Reached XP level 3. HP: 18/21 MP: 1/6
  1416 | D:2      | Reached skill level 5 in Conjurations
  1525 | D:2      | Noticed Jessica
  1548 | D:2      | Killed Jessica
  1638 | D:2      | Reached XP level 4. HP: 27/27 MP: 0/7
  2073 | D:3      | Noticed Natasha
  2077 | D:2      | Slain by an adder

Action                   |  1- 3 |  4- 6 || total
-------------------------+-------+-------++-------
Melee: Unarmed           |     1 |       ||     1
       Whip              |     3 |    18 ||    21
 Cast: Magic Dart        |    49 |    22 ||    71
       Searing Ray       |     2 |     1 ||     3
  Use: Potion            |       |     3 ||     3
       Scroll            |       |     2 ||     2
 Stab: Sleeping          |       |     1 ||     1
